 Dungeon Crawl Stone Soup version 0.18-a0-1160-geb89fc2 (webtiles) character file.

56 Duffy the Conjurer (level 3, -13/21 HPs)
             Began as a Deep Elf Conjurer on Jan 24, 2016.
             Killed by divine providence
             ... invoked by an orc priest
              (16 damage)
             ... on level 3 of the Dungeon.
             The game lasted 00:01:46 (1647 turns).

Duffy the Conjurer (Deep Elf Conjurer)              Turns: 1647, Time: 00:01:47

Health: -13/21     AC:  3    Str:  5    XL:     3   Next: 71%
Magic:  2/10       EV: 13    Int: 20    God:
Gold:   84         SH:  0    Dex: 15    Spells: 2 memorised, 6 levels left

rFire  . . .     SeeInvis .     i - +0 longbow
rCold  . . .     Gourm    .     a - +0 robe
rNeg   . . .     Faith    .     (shield currently unavailable)
rPois  .         Spirit   .     (no helmet)
rElec  .         Dismiss  .     (no cloak)
rCorr  .         Reflect  .     d - +0 pair of gloves
SustAt .         Harm     .     (no boots)
MR     .....                    (no amulet)
Stlth  ++........               (no ring)
                                (no ring)

@: lethally poisoned (-13 -> -27), not resistant to hostile enchantments,
unstealthy
A: no striking features
a: no special abilities


You were on level 3 of the Dungeon.
You were not hungry.

You visited 1 branch of the dungeon, and saw 3 of its levels.

You collected 84 gold pieces.


   Skills:
 + Level 2.0 Fighting
 - Level 2.4 Dodging
 - Level 2.4 Stealth
 - Level 3.6 Spellcasting
 - Level 4.7 Conjurations


You had 6 spell levels left.
You knew the following spells:

 Your Spells              Type           Power        Failure   Level  Hunger
a - Magic Dart            Conj           ###.         1%          1    None
s - Searing Ray           Conj           ###...       2%          2    ##.....

Inventory:

Hand Weapons
 i - a +0 longbow (weapon)
Armour
 a - a +0 robe (worn)
 d - a +0 pair of gloves (worn)
Scrolls
 e - 2 scrolls of identify {unknown}
 j - a scroll of teleportation {unknown}
 m - a scroll of fear {unknown}
Potions
 f - 2 potions of cure mutation {unknown}
 g - a potion of flight {unknown}
 h - 2 potions of brilliance {unknown}
 k - a potion of invisibility {unknown}
Books
 b - a book of Conjurations
Comestibles
 c - 3 bread rations
 l - a royal jelly
 n - 2 chunks of flesh

Dungeon Overview and Level Annotations

Branches:
Dungeon (3/15)

Altars:


Message History

Done exploring.
You climb downwards.
There is a stone staircase leading up here.
Cast which spell? (? or * to list)
Aiming: Searing Ray
Press: ? - help, Shift-Dir - straight line The searing ray misses the orc wizard.
The searing ray hits the orc wizard.
The orc wizard is heavily wounded.
The orc wizard hits you with a dagger of venom.
You are poisoned.
The searing ray misses the orc wizard.
The searing ray hits the orc priest.
The orc priest is moderately wounded.
You feel sick. The orc wizard closely misses you.
The orc hits you with a hand axe!
The orc wizard hits you with a dagger of venom.
You are more poisoned.
The searing ray hits the orc wizard.
You kill the orc wizard!
Your Fighting skill increases to level 2!
You feel sick. The orc barely misses you.
Cast which spell? (? or * to list)
Aiming: Searing Ray
Press: ? - help, Shift-Dir - straight line, f - orc priest
Aim: an orc priest, wielding a club and wearing a leather armour (moderately wounded)
The searing ray hits the orc priest.
The orc priest is severely wounded.
You feel sick. The orc barely misses you. The orc priest closely misses you.
The searing ray hits the orc priest.
The orc priest is almost dead.
You feel sick. The orc barely misses you.
The orc priest invokes the aid of Beogh against you.
Something smites you!
Ouch! That really hurt!
You die...

#.......o.###
#.######..#
#.#####.##
#..#
.........##
#..#
#.........#
#..#
#.#####...#
#..#
#...####..#
#......o..#
#.#...@o..###
#.............
##############


You could see an orc priest and an orc.

Action                   || total
-------------------------++-------
 Cast: Magic Dart        ||    50
       Searing Ray       ||     3
  Eat: Chunk             ||     2

Notes
Turn   | Place    | Note
--------------------------------------------------------------
     0 | D:1      | Duffy the Deep Elf Conjurer began the quest for the Orb.
     0 | D:1      | Reached XP level 1. HP: 10/10 MP: 6/6
   259 | D:1      | Reached XP level 2. HP: 10/15 MP: 0/8
   363 | D:1      | Learned a level 2 spell: Searing Ray
  1509 | D:3      | Reached skill level 1 in Fighting
  1609 | D:3      | Reached XP level 3. HP: 20/20 MP: 6/10
  1645 | D:3      | Reached skill level 2 in Fighting
  1647 | D:3      | Killed from afar by an orc priest

Vault maps used:
D:1:      scummos_arrival_forest
D:2:      first_bread

Vanquished Creatures
  An orc wizard
  2 giant geckos
  An orc
  5 bats
  3 giant cockroaches
  2 goblins
  4 hobgoblins
  2 jackals
  2 giant newts
  A kobold
  3 rats
26 creatures vanquished.
